 Dungeon Crawl Stone Soup version 0.17-a0-701-gb6462b4 (webtiles) character file.

12444 sugabear the Covert (level 11, 0/64 HPs)
             Began as a Gargoyle Fighter on Apr 19, 2015.
             Was the Champion of Dithmenos.
             Killed by divine providence
             ... invoked by an orc priest
              (13 damage)
             ... on level 1 of the Orcish Mines on Apr 20, 2015.
             The game lasted 00:47:07 (16575 turns).

sugabear the Covert (Gargoyle Fighter)             Turns: 16575, Time: 00:47:07

Health: 0/64       AC: 19    Str: 21    XL:     11   Next: 93%
Magic:  15/15      EV: 16    Int: 11    God:    Dithmenos [******]
Gold:   421        SH: 12    Dex: 17    Spells: 0 memorised, 10 levels left

rFire  . . .     SeeInvis .     T - +1 short sword (venom)
rCold  . . .     Clarity  .     N - +4 robe of Space {Int+2 Dex+6}
rNeg   + . .     SustAb   .     c - +0 shield
rPois  ∞         Gourm    .     B - +2 hat
rElec  +         Spirit   .     (no cloak)
rCorr  .         Warding  .     r - +2 pair of gloves
rMut   .         Stasis   .     (no boots)
MR     .....                    (no amulet)
Stlth  +++++++++.               (no ring)
                                y - ring of stealth

@: wreathed by umbra, not resistant to hostile enchantments, incredibly stealthy
A: antennae 1, low mp 1, negative energy resistance 1, electricity resistance,
unbreathing, petrification resistance, rot immunity, placid magic 1, AC +7
a: Shadow Step, Shadow Form, Renounce Religion


You were on level 1 of the Orcish Mines.
You worshipped Dithmenos.
Dithmenos was exalted by your worship.
You were not hungry.

You visited 3 branches of the dungeon, and saw 14 of its levels.
You also visited: Sewer and Bailey.

You collected 673 gold pieces.
You spent 252 gold pieces at shops.

Inventory:

Hand weapons
 w - a +2 short sword of holy wrath
 x - a +2 dagger of draining
 C - a +2 dagger of freezing
 T - a +1 short sword of venom (weapon)
Armour
 b - a +0 scale mail
 c - a +0 shield (worn)
 r - a +2 pair of gloves (worn)
 v - a troll hide
 B - a +2 hat (worn)
 L - the +0 robe "Xescheije" {rC- MR++ Dex+4}
   (You found it on level 5 of the Dungeon)

   It affects your dexterity (+4).
   It makes you vulnerable to cold.
   It affects your resistance to hostile enchantments.
 N - the +4 robe of Space (worn) {Int+2 Dex+6}
   (You bought it in a shop on level 5 of the Dungeon)

   It affects your intelligence (+2).
   It affects your dexterity (+6).
Jewellery
 t - an uncursed ring of teleportation
 y - a ring of stealth (left hand)
 F - an uncursed ring of ice
Magical devices
 P - a wand of digging (10)
Scrolls
 i - 3 scrolls of magic mapping {unknown}
 k - 2 scrolls of teleportation {unknown}
 l - 12 scrolls of identify
 m - 2 scrolls of immolation {unknown}
 n - a scroll of enchant armour {unknown}
 o - a scroll of blinking {unknown}
 q - 4 scrolls of remove curse
 s - 4 scrolls of enchant weapon {unknown}
 D - 2 scrolls of recharging {unknown}
 I - a scroll of brand weapon {unknown}
 K - 3 scrolls of noise {unknown}
 M - 2 scrolls of amnesia {unknown}
 U - a scroll of fear {unknown}
Potions
 e - a potion of might
 f - 3 potions of agility
 p - 12 potions of poison
 E - a potion of mutation
 O - 2 potions of flight {unknown}
 Q - 2 potions of resistance {unknown}
 Y - 3 potions of berserk rage {unknown}
Books
 J - a book of Geomancy

   Spells                             Type                      Level
   a - Sandblast                      Earth                        1
   b - Stoneskin                      Transmutation/Earth          2
   c - Passwall                       Transmutation/Earth          3
   d - Stone Arrow                    Conjuration/Earth            3
   e - Petrify                        Transmutation/Earth          4
   f - Lee's Rapid Deconstruction     Earth                        5
 R - a book of Unlife

   Spells                             Type                      Level
   a - Recall                         Summoning/Translocation      3
   b - Animate Dead                   Necromancy                   4
   c - Control Undead                 Necromancy                   4
   d - Cigotuvi's Embrace             Necromancy                   5
   e - Death Channel                  Necromancy                   6
   f - Simulacrum                     Ice/Necromancy               6
 W - a book of Death

   Spells                             Type                      Level
   a - Corpse Rot                     Necromancy                   2
   b - Sublimation of Blood           Necromancy                   2
   c - Agony                          Necromancy                   5
   d - Dispel Undead                  Necromancy                   5
   e - Excruciating Wounds            Charms/Necromancy            5
   f - Bolt of Draining               Conjuration/Necromancy       5
Comestibles
 d - 5 bread rations
 g - 2 beef jerkies
 j - 5 meat rations
 A - 7 royal jellies


   Skills:
 + Level 6.0 Fighting
 + Level 4.3(4.5) Short Blades
   Level 1.4(3.1) Long Blades
   Level 2.4(3.1) Axes
   Level 3.1(3.6) Maces & Flails
 + Level 8.2 Armour
 + Level 7.6 Dodging
 * Level 9.8 Stealth
 + Level 8.8 Shields
 * Level 7.7 Invocations


You had 10 spell levels left.
You didn't know any spells.

Dungeon Overview and Level Annotations

Branches:
Dungeon (9/15)             Temple (1/1) D:6             Orc (4/4) D:9
    Elf (0/3) Orc:3
   Lair: D:8-11

Altars:
Ashenzari
Cheibriados
Dithmenos
Elyvilon
Fedhas
Gozag
Kikubaaqudgha
Makhleb
Nemelex Xobeh
Okawaru
Qazlal
Ru
Sif Muna
Trog
Vehumet
Xom
Yredelemnul
Zin
The Shining One

Shops:
D:5 *   D:8 :

Annotations:
D:8 joshua's ghost, experienced MiBe


Innate Abilities, Weirdness & Mutations

You are resistant to torment.
Your stone body is resilient (AC +7).
You are immune to poison.
You resist negative energy.
You are resistant to electric shocks.
You can survive without breathing.
You are immune to petrification.
You are immune to rotting.
You have a pair of small antennae on your head.
Your magical capacity is low (-10% MP).
Your spells are a little easier to cast, but a little less powerful.


Message History

You block the orc's attack. The orc warrior misses you.
You hit the orc but do no damage.
The orc looks even sicker.
The orc is lightly wounded.
Your shadow hits the orc but does no damage.
The orc barely misses you.
The orc warrior hits you from afar with a halberd.
You hit the orc but do no damage.
The orc is heavily wounded.
You kill the orc!
Dithmenos accepts your kill.
The orc warrior hits you with a halberd!
* * * LOW HITPOINT WARNING * * *
Items here: )) [ †† a morningstar; a chain mail; a whip; an orc corpse; an orc corpse You are too injured to fight recklessly!
You are too injured to fight recklessly!
The orc warrior misses you.
The orc priest invokes the aid of Beogh against you.
Something smites you!
You die...

##..... ##....... ####....#...
#####.##o.....$.. ###
##..#..){.).......
##.###....#o##)........
#...#....#.###........
###..#........##........
#######.......#.@..##.........
.##..#...............#.......
......#.....#.#.......#.....
.##..##...##.##............
##....##.#..............
.#.....#.....#.........
.......P..............
..)).........#.......
##..[)........ ...


You could see an orc warrior and an orc priest.

Vanquished Creatures
  3 orc knights
  Maurice (Orc:2)
  2 trolls (Orc:3)
  A two-headed ogre (Orc:4)
  A trapdoor spider (D:9)
  3 yaks
  A hippogriff (D:8)
  A hungry ghost (D:9)
  6 wolves
  5 wargs
  An ice beast (D:5)
  A black bear (D:3)
  A phantom (D:9)
  26 orc warriors
  5 centaurs
  11 ogres
  3 necrophages
  A giant frog (D:6)
  2 big kobolds
  5 scorpions
  3 wights
  12 killer bees
  6 jellies
  5 crimson imps
  2 spriggan skeletons (D:9)
  14 orc priests
  22 orc wizards
  3 giant frog skeletons
  3 hounds
  A centaur skeleton (D:7)
  A gnoll shaman (D:8)
  3 iguanas
  4 worker ants
  A hound skeleton (D:8)
  A river rat (Sewer)
  12 adders
  11 gnolls
  6 shadow imps
  2 adder zombies
  2 oozes (D:1)
  3 giant geckos
  168 orcs
  A bat skeleton (D:5)
  25 goblins
  17 hobgoblins
  11 jackals
  4 quokkas
  3 ball pythons
  20 bats
  5 giant cockroaches
  6 giant newts
  18 kobolds
  18 rats
493 creatures vanquished.

Vanquished Creatures (others)
  A giant frog skeleton (D:7)
  An orc (Bailey)
2 creatures vanquished.

Grand Total: 495 creatures vanquished

Notes
Turn   | Place    | Note
--------------------------------------------------------------
     0 | D:1      | sugabear, the Gargoyle Fighter, began the quest for the Orb.
     0 | D:1      | Reached XP level 1. HP: 14/14 MP: 1/1
     0 | D:1      | Noticed a vine stalker
     0 | D:1      | Noticed a troll
     0 | D:1      | Noticed a vampire
     5 | D:1      | Noticed an ogre
     8 | D:1      | Noticed a spriggan skeleton
    10 | D:1      | Noticed a centaur skeleton
    10 | D:1      | Noticed a draconian zombie
    12 | D:1      | Noticed a minotaur
    14 | D:1      | Noticed a merfolk zombie
    16 | D:1      | Noticed an elf zombie
    16 | D:1      | Noticed a spriggan skeleton
    16 | D:1      | Noticed a minotaur skeleton
    44 | D:1      | Reached XP level 2. HP: 19/19 MP: 2/2
   342 | D:1      | Reached XP level 3. HP: 22/24 MP: 3/3
   691 | D:2      | Reached XP level 4. HP: 9/29 MP: 4/4
  1020 | D:2      | Reached skill level 4 in Shields
  1021 | D:2      | Reached skill level 1 in Dodging
  1418 | D:2      | Reached XP level 5. HP: 33/33 MP: 5/5
  1693 | D:2      | Found a shadowy altar of Dithmenos.
  1709 | D:2      | Became a worshipper of Dithmenos the Shadowed
  2103 | D:3      | Noticed a black bear
  2115 | D:3      | Killed a black bear
  2115 | D:3      | Reached skill level 1 in Stealth
  2115 | D:3      | Reached skill level 1 in Invocations
  2115 | D:3      | Reached XP level 6. HP: 33/38 MP: 6/6
  2278 | D:3      | Reached skill level 1 in Maces & Flails
  2603 | D:3      | Found a shattered altar of Ashenzari.
  3218 | D:4      | Found a sacrificial altar of Ru.
  3248 | D:4      | Found a snail-covered altar of Cheibriados.
  3263 | D:4      | Reached XP level 7. HP: 18/44 MP: 8/8
  3778 | D:4      | Reached skill level 5 in Shields
  4078 | D:5      | Entered Level 5 of the Dungeon
  4078 | D:5      | Found a staircase to the Ecumenical Temple.
  4119 | D:5      | Reached skill level 1 in Short Blades
  4376 | D:5      | Reached XP level 8. HP: 48/48 MP: 9/9
  4732 | D:5      | Got a fabulously ornate robe
  4765 | D:5      | Found Faem Ari's Assorted Antiques.
  4768 | D:5      | Bought a scroll labeled JIEW ONECSUDAURGH for 26 gold pieces
  4768 | D:5      | Bought a scroll labeled EVESASCHUIK for 26 gold pieces
  4768 | D:5      | Bought a scroll labeled ODIKONEE DITU for 26 gold pieces
  4768 | D:5      | Bought a smoking robe for 148 gold pieces
  4768 | D:5      | Bought a scroll labeled JIEW ONECSUDAURGH for 26 gold pieces
  4778 | D:5      | Identified the cursed +0 robe "Xescheije" {rC- MR++ Dex+4} (You found it on level 5 of the Dungeon)
  4790 | D:5      | Identified the +4 robe of Space {Int+2 Dex+6} (You bought it in a shop on level 5 of the Dungeon)
  5223 | D:5      | Acquired Dithmenos's first power
  5349 | D:6      | Found a bloodstained altar of Trog.
  5390 | D:6      | Found a staircase to the Ecumenical Temple.
  5568 | D:6      | Found a glowing drain.
  5589 | Sewer    | Entered a sewer
  5619 | Sewer    | Found a white marble altar of Elyvilon.
  5918 | Temple   | Entered the Ecumenical Temple
  6227 | D:6      | Reached skill level 5 in Fighting
  6249 | Temple   | Reached XP level 9. HP: 20/54 MP: 11/11
  6752 | D:6      | Reached skill level 6 in Shields
  6785 | D:6      | Reached skill level 5 in Stealth
  7082 | D:7      | Acquired Dithmenos's second power
  7082 | D:7      | Reached skill level 1 in Long Blades
  7522 | D:7      | Reached skill level 5 in Invocations
  7666 | D:7      | Found an ancient bone altar of Kikubaaqudgha.
  7840 | D:8      | Found Tyanaviw's Book Shop.
  7860 | D:8      | Reached skill level 5 in Dodging
  7983 | D:8      | Noticed joshua's ghost (experienced MiBe)
  7996 | D:8      | Found a snail-covered altar of Cheibriados.
  7996 | D:8      | Found a glowing silver altar of Zin.
  7997 | D:8      | Found a glowing golden altar of the Shining One.
  8053 | D:8      | Acquired Dithmenos's third power
  8186 | D:8      | Found a flagged portal.
  8215 | Bailey   | Entered a bailey
  8429 | Bailey   | Reached XP level 10. HP: 19/59 MP: 14/14
  8857 | Bailey   | Reached skill level 7 in Shields
  9376 | Bailey   | Found a roughly hewn altar of Beogh.
  9376 | Bailey   | Noticed an orc knight
  9515 | Bailey   | Gained mutation: Your spells are a little easier to cast, but a little less powerful. [potion of mutation]
  9515 | Bailey   | Gained mutation: Your magical capacity is low (-10% MP). [potion of mutation]
  9515 | Bailey   | Gained mutation: You have a pair of small antennae on your head. [potion of mutation]
  9550 | Bailey   | Killed an orc knight
  9755 | Bailey   | Reached skill level 8 in Stealth
 10022 | D:8      | Reached skill level 5 in Armour
 11088 | D:9      | Found a staircase to the Orcish Mines.
 11200 | D:9      | Found a runed door.
 11277 | D:9      | Reached skill level 9 in Stealth
 11277 | D:9      | Reached XP level 11. HP: 64/64 MP: 14/14
 11360 | D:9      | Found a blossoming altar of Fedhas.
 12064 | Orc:1    | Entered Level 1 of the Orcish Mines
 12253 | D:9      | Acquired Dithmenos's fourth power
 13563 | Orc:3    | Noticed an orc knight
 13629 | Orc:2    | Killed an orc knight
 14068 | Orc:3    | Noticed an orc knight
 14509 | Orc:2    | Killed an orc knight
 14668 | Orc:3    | Found a burning altar of Makhleb.
 14719 | Orc:3    | Found a staircase to the Elven Halls.
 14770 | Orc:2    | Noticed Maurice
 14913 | Orc:2    | Killed Maurice
 15422 | Orc:4    | Entered Level 4 of the Orcish Mines
 15810 | Orc:4    | Noticed an orc warlord
 16575 | Orc:1    | Killed from afar by an orc priest

Action                   |  1- 3 |  4- 6 |  7- 9 | 10-12 || total
-------------------------+-------+-------+-------+-------++-------
Melee: War axe           |    84 |    16 |       |       ||   100
       Flail             |       |   193 |   204 |       ||   397
       Dagger            |       |       |   237 |     7 ||   244
       Short sword       |       |       |   128 |  1195 ||  1323
       Scimitar          |       |       |   142 |       ||   142
Invok: Shadow Step       |       |       |     1 |       ||     1
       Shadow Form       |       |       |       |     1 ||     1
  Use: Scroll            |       |       |     5 |     1 ||     6
       Potion            |       |       |     1 |    17 ||    18
 Stab: Sleeping          |       |     1 |    20 |    40 ||    61
       Invisible         |       |       |       |     6 ||     6
       Distracted        |       |       |       |     2 ||     2
  Eat: Chunk             |       |     7 |    19 |    24 ||    50
       Fruit             |       |       |       |     4 ||     4
       Pizza             |       |       |       |     1 ||     1
